 Dungeon Crawl Stone Soup version 0.32-a0-814-g0968bab981 (webtiles) character file.

Game seed: 17797430125117892005

579 wilfster70 the Magician (level 7, -3/49 HPs)
             Began as a Djinni Conjurer on Mar 22, 2024.
             Was a Follower of Okawaru.
             Slain by a wyvern (4 damage)
             ... on level 5 of the Dungeon.
             The game lasted 00:10:07 (4635 turns).

wilfster70 the Magician (Djinni Conjurer)           Turns: 4635, Time: 00:10:08

Health: -3/49      AC:  2    Str:  6    XL:     7   Next: 63%
Gold:   295        EV: 11    Int: 22    God:    Okawaru [*.....] SH:  0 Dex: 11

rFire   + + .        a - +0 dagger (venom)
rCold   x . .        (no shield)
rNeg    . . .        k - +0 robe
rPois   ∞            (no helmet)
rElec   .            (no cloak)
rCorr   .            (no gloves)
SInv    .            (boots unavailable)
Will    .....        (no amulet)
Stlth   ++           (no ring)
HPRegen 0.28/turn    (no ring)
MPRegen 0.00/turn

%: infuse magic (-4 HP)
@: flying
A: sickness immunity, fire resistance 2, cold vulnerability 1, float, innate
caster, HP casting, extra vitality 1
a: Renounce Religion, Heroism


You were on level 5 of the Dungeon.
You worshipped Okawaru.
Okawaru was aware of your devotion.
You visited 1 branch of the dungeon, and saw 5 of its levels.

You collected 295 gold pieces.

Inventory:

Hand Weapons
 a - a +0 dagger of venom (weapon)
Armour
 k - a +0 robe (worn)
 n - a +0 hat
Jewellery
 m - a ring of fire
 p - a ring of resist corrosion
Wands
 q - a wand of digging (7)
 r - a wand of flame (28)
Scrolls
 b - a scroll of fog {unknown}
 f - 2 scrolls of immolation
 g - 11 scrolls of identify {unknown}
 h - 3 scrolls of amnesia {unknown}
 j - a scroll of silence {unknown}
 l - a scroll of blinking {unknown}
 s - a scroll of teleportation {unknown}
Potions
 c - a potion of magic {unknown}
 d - 3 potions of curing {unknown}
 e - a potion of brilliance {unknown}
 i - 2 potions of heal wounds {unknown}
 o - 2 potions of invisibility {unknown}


   Skills:
 + Level 2.9 Fighting
 - Level 2.1 Dodging
 - Level 1.5 Stealth
 - Level 6.0 Spellcasting
 - Level 6.0 Conjurations
 - Level 6.0 Hexes
 - Level 6.0 Summonings
 - Level 6.0 Necromancy
 - Level 6.0 Translocations
 - Level 6.0 Fire Magic
 - Level 6.0 Ice Magic
 - Level 6.0 Air Magic
 - Level 6.0 Earth Magic
 - Level 6.0 Alchemy
 + Level 2.9 Invocations


You knew the following spells:

 Your Spells              Type           Power      Damage    Failure   Level
a - Magic Dart            Conj           100%       1d8       1%          1
b - Searing Ray           Conj           66%        2d6       1%          2
c - Fulminant Prism       Conj/Alch      16%        3d10      8%          4
d - Iskenderun's Mystic   Conj/Tloc      33%        2d8       8%          4
e - Sting                 Conj/Alch      100%       1d9       1%          1
f - Static Discharge      Conj/Air       66%        3-6/arc   1%          2
g - Sigil of Binding      Hex            33%        N/A       2%          3
Your spell library was empty.

Dungeon Overview and Level Annotations

Branches:
Dungeon (5/15)
 Temple: D:4-7

Altars:
Okawaru


Innate Abilities, Weirdness & Mutations

You are immune to sickness and miasma.
You are immune to poison.
Your flesh is very heat resistant. (rF++)
You are vulnerable to cold. (rC-)
You float through the air rather than walking.
You learn spells naturally, not from books.
Your magical power is your life essence.
You have superior vitality. (+4 MHP)


Message History

The searing ray hits the bombardier beetle.
You kill the bombardier beetle!
Okawaru accepts your kill. (Press . to maintain the ray.)
You start resting.
HP restored.
s - a scroll labelled POSUIVVY FYDA A wyvern comes into view.
The wyvern hisses angrily.
Casting: Searing Ray (safe; 1% risk of failure)
Confirm with . or Enter, or press ? or * to list all spells.
Aiming: Searing Ray (safe; 1% risk of failure)
Press: ? - help, Shift-Dir - straight line, f - wyvern
Aim: a wyvern (81% to hit)
The searing ray hits the wyvern.
The wyvern is lightly wounded. (Press . to maintain the ray.)
Casting: Searing Ray (safe; 1% risk of failure)
Confirm with . or Enter, or press ? or * to list all spells.
Restarting spell: Searing Ray (safe; 1% risk of failure)
Press: ? - help, Shift-Dir - straight line, f/p - wyvern
Aim: a wyvern (lightly wounded, 81% to hit)
The searing ray hits the wyvern but does no damage.
The wyvern is lightly wounded. (Press . to maintain the ray.)
The wyvern barely misses you. The wyvern bites you!!
The searing ray hits the wyvern.
The wyvern is moderately wounded.
The wyvern bites you!
The searing ray hits the wyvern.
The wyvern is moderately wounded.
The wyvern bites you!
* * * LOW HITPOINT WARNING * * *
The wyvern barely misses you.
The searing ray hits the wyvern.
The wyvern is heavily wounded.
* * * LOW HITPOINT WARNING * * *
You finish channelling your searing ray.
The wyvern bites you.
You die...

.#####.# #. .......# ... #.
.#####.# ...#### ### # .#
#.#........#.. #. .#####.#.....
..... #. .......#...# #.#.# #.
######.#...####.#.# # #.
#####..........k#.###.# #.
................@.....# ####.
...................###### #....
#...............#........ +....
#.####.#.#....#.#......######....
#.# #.#.#....#.#....#...........
#.# #.#.#....#.#...)#..####(..#.
#.# #.#.######.#.......# #...#.
#<# #.#.# ##.#.....#.####...#.
#.####.#.# #.............'.....


You could see a wyvern.

Vanquished Creatures
  A water moccasin (D:5)
  An ice beast (D:5)
  A scorpion (D:3)
  A howler monkey (D:4)
  2 bombardier beetles
  A jelly (D:4)
  2 iguanas
  5 adders
  A shadow imp (D:5)
  3 ribbon worms
  5 dart slugs
  A bat (D:2)
  8 endoplasms
  5 giant cockroaches
  8 goblins
  11 hobgoblins
  6 jackals
  4 quokkas
  6 ball pythons
  3 frilled lizards
  3 kobolds
  4 rats
82 creatures vanquished.

Notes
Turn   | Place    | Note
-------+----------+-------------------------------------------
     0 | D:1      | wilfster70 the Djinni Conjurer began the quest for the Orb.
     0 | D:1      | wilfster70 set off with the following spells memorised:
                  | Magic Dart, Searing Ray, Fulminant Prism, Iskenderun's
                  | Mystic Blast.
     0 | D:1      | Reached XP level 1. HP: 15/15 MP: 0/0
   124 | D:1      | Reached XP level 2. HP: 12/21 MP: 0/0
   428 | D:1      | Reached XP level 3. HP: 22/25 MP: 0/0
   428 | D:1      | Learned a level 1 spell: Sting
   482 | D:1      | Found a faded altar of an unknown god.
   993 | D:2      | Reached XP level 4. HP: 19/31 MP: 0/0
  1740 | D:3      | Noticed a scorpion
  1744 | D:3      | Killed a scorpion
  1745 | D:3      | Reached skill level 5 in Spellcasting
  1745 | D:3      | Reached skill level 5 in Conjurations
  1745 | D:3      | Reached skill level 5 in Hexes
  1745 | D:3      | Reached skill level 5 in Summonings
  1745 | D:3      | Reached skill level 5 in Necromancy
  1745 | D:3      | Reached skill level 5 in Translocations
  1745 | D:3      | Reached skill level 5 in Fire Magic
  1745 | D:3      | Reached skill level 5 in Ice Magic
  1745 | D:3      | Reached skill level 5 in Air Magic
  1745 | D:3      | Reached skill level 5 in Earth Magic
  1745 | D:3      | Reached skill level 5 in Alchemy
  1745 | D:3      | Reached XP level 5. HP: 31/35 MP: 0/0
  1745 | D:3      | Learned a level 2 spell: Static Discharge
  2120 | D:3      | Reached XP level 6. HP: 37/40 MP: 0/0
  2515 | D:4      | Found an iron altar of Okawaru.
  2527 | D:4      | Became a worshipper of Warmaster Okawaru
  3431 | D:4      | Reached skill level 1 in Fighting
  3431 | D:4      | Reached skill level 1 in Invocations
  3836 | D:5      | Entered Level 5 of the Dungeon
  3915 | D:5      | Noticed a water moccasin
  3925 | D:5      | Killed a water moccasin
  3925 | D:5      | Reached * piety under Okawaru
  3926 | D:5      | Reached XP level 7. HP: 17/49 MP: 0/0
  3926 | D:5      | Learned a level 3 spell: Sigil of Binding
  4629 | D:5      | Noticed a wyvern
  4634 | D:5      | HP: 2/49 [wyvern (17)]
  4635 | D:5      | Slain by a wyvern

Illustrated notes

Levels and vault maps discovered:
D:1:      hellmonk_arrival_library, layout_basic,
          hellmonk_ecumenical_altar_blasted
D:2:      layout_basic
D:3:      layout_loops_ring, minmay_misc_feat_pillars, kennysheep_nondescript,
          small_statue_intersection, grunt_ministairs_9
D:4:      layout_layer_cave, kennysheep_okawaru_gauntlet,
          small_statue_intersection, kennysheep_big_empty_room
D:5:      layout_basic, tgw_trog, solitary_fountain

Skill      XL: |  1  2  3  4  5  6 |
---------------+-------------------+-----
Spellcasting   | 4 5 6 |  6.0
Conjurations   | 4 5 6 |  6.0
Hexes          | 4 5 6 |  6.0
Summonings     | 4 5 6 |  6.0
Necromancy     | 4 5 6 |  6.0
Translocations | 4 5 6 |  6.0
Fire Magic     | 4 5 6 |  6.0
Ice Magic      | 4 5 6 |  6.0
Air Magic      | 4 5 6 |  6.0
Earth Magic    | 4 5 6 |  6.0
Alchemy        | 4 5 6 |  6.0
Fighting       | 2 |  2.9
Invocations    | 2 |  2.9
Dodging        | |  2.1
Stealth        | |  1.5

Action                     |  1- 3 |  4- 6 |  7- 9 || total
---------------------------+-------+-------+-------++-------
  Melee: Unarmed           |     5 |       |       ||     5
         Dagger            |     4 |     9 |       ||    13
   Cast: Magic Dart        |    29 |    64 |       ||    93
         Searing Ray       |    17 |    32 |    11 ||    60
         Static Discharge  |       |     2 |       ||     2
 Armour: Robe              |    10 |    39 |     6 ||    55
  Dodge: Dodged            |     9 |    22 |     6 ||    37

Table legend: (Time is in decaauts)
 A = Elapsed time spent in this place.
 B = Non-inter-level travel time spent in this place.
 C = Inter-level travel time spent in this place.
 D = Time resting spent in this place.
 E = Time spent auto-exploring this place.
 F = Levels seen in this place.
 G = Mean time per level.
                   A        B        C        D        E       F      G
               +--------+--------+--------+--------+--------+-----+--------+
         Total |   4634 |   4475 |    159 |    983 |   2050 |   5 |  926.8 |
       Dungeon |   4634 |   4475 |    159 |    983 |   2050 |   5 |  926.8 |
               +--------+--------+--------+--------+--------+-----+--------+

Top non-repeatable levels by time:
     D:4: 1369 daAuts
     D:1: 868 daAuts
     D:2: 852 daAuts
     D:5: 798 daAuts
     D:3: 744 daAuts
